 Dungeon Crawl Stone Soup version 0.30-a0-802-gb92711bcdf (webtiles) character file.

Game seed: 13506251367739129612

54 cheesebisquit the Chiller (level 3, -1/24 HPs)
             Began as a Merfolk Ice Elementalist on Feb 23, 2023.
             Slain by a worm (6 damage)
             ... on level 3 of the Dungeon.
             The game lasted 00:08:37 (1963 turns).

cheesebisquit the Chiller (MfIE)                    Turns: 1963, Time: 00:08:38

Health: -1/24      AC:  2    Str:  8    XL:     3   Next: 91%
Magic:  5/7        EV: 13    Int: 16    God:
Gold:   114        SH:  0    Dex: 20    Spells: 1/8 levels left

rFire   . . .      SeeInvis .    m - +0 spear
rCold   . . .      Faith    .    (no shield)
rNeg    . . .      Spirit   .    a - +0 robe
rPois   .          Reflect  .    (no helmet)
rElec   .          Harm     .    (no cloak)
rCorr   .          Rampage  .    (no gloves)
Will    .....                    (no boots)
Stlth   ++                       (no amulet)
HPRegen 0.24/turn                o - +6 ring of dexterity
MPRegen 0.10/turn                (no ring)

@: no status effects
A: (nimble swimmer 2), mertail
a: no special abilities


You were on level 3 of the Dungeon.
You visited 1 branch of the dungeon, and saw 3 of its levels.

You collected 128 gold pieces.
You spent 14 gold pieces at shops.

Inventory:

Hand Weapons
 h - a +2 hand axe of electrocution
 m - a +0 spear (weapon)
Missiles
 d - 12 poisoned darts
Armour
 a - a +0 robe (worn)
Jewellery
 j - an amulet of faith
 o - a +6 ring of dexterity (left hand)
Scrolls
 c - 3 scrolls of magic mapping {unknown}
 e - 4 scrolls of identify {unknown}
 f - 2 scrolls of immolation {unknown}
 i - a scroll of teleportation {unknown}
 k - a scroll of fear {unknown}
 n - a scroll of poison {unknown}
Potions
 b - a potion of magic
 g - a potion of might {unknown}
 l - a potion of attraction {unknown}


   Skills:
 - Level 2.6 Dodging
 - Level 2.1 Stealth
 + Level 3.0 Spellcasting
 + Level 5.2 Ice Magic


You had one spell level left.
You knew the following spells:

 Your Spells              Type           Power      Damage    Failure   Level
a - Freeze                Ice            76%        1d8       2%          1
b - Frozen Ramparts       Ice            38%        1d6       6%          3
c - Ozocubu's Armour      Ice            19%        N/A       6%          3

Your spell library contained the following spells:

 Spells                   Type           Power      Damage    Failure   Level
 Summon Ice Beast         Ice/Summ       10%        N/A       54%         4


Dungeon Overview and Level Annotations

Branches:
Dungeon (3/15)

Altars:

Shops:
D:1 !!*(:   D:3 :


Innate Abilities, Weirdness & Mutations

((You are very nimble when in or above water. (Stealth+, EV+, Speed+++)))
Your lower body shifts to a powerful aquatic tail in water.


Message History

You hit the kobold.
You kill the kobold!
You see here a +0 dagger.
You see here a +0 dagger.
Things that are here:
a +0 short sword; 5 stones You now have 98 gold pieces (gained 9).
You now have 114 gold pieces (gained 16).
A bat comes into view.
A worm comes into view.
The helpless bat fails to defend itself.
You hit the bat.
You kill the bat!
The helpless worm fails to defend itself.
You hit the worm.
The worm is moderately wounded.
The worm bites you.
You hit the worm.
The worm is moderately wounded.
You hit the worm.
The worm is moderately wounded.
The worm bites you!
You hit the worm.
The worm is heavily wounded.
The worm bites you!
* * * LOW HITPOINT WARNING * * *
You are too injured to fight recklessly!
You are too injured to fight recklessly!
Aiming: Freeze (safe; 2% risk of failure)
Press: ? - help, Q - select action, (/) - cycle Shift-Dir - straight line, f - worm
Aim: a worm (heavily wounded)
You freeze the worm.
The worm is heavily wounded.
Aiming: Freeze (safe; 2% risk of failure)
Press: ? - help, Q - select action, (/) - cycle Shift-Dir - straight line, f/p - worm
Aim: a worm (heavily wounded)
You freeze the worm.
The worm is severely wounded.
The worm bites you.
You die...

##....#####
#.####
####.#####
##........###
+.....†.......
##.#...##.####
#.#.#.# #
#..###.# #@#.#
## #w##.# #.#
.# #.. . ###
##


You could see a worm.

Vanquished Creatures
  An adder (D:3)
  2 worms
  A dart slug (D:2)
  A bat (D:3)
  4 endoplasms
  4 giant cockroaches
  5 goblins
  A quokka (D:2)
  8 ball pythons
  3 frilled lizards
  5 kobolds
  2 rats (D:1)
37 creatures vanquished.

Notes
Turn   | Place    | Note
-------+----------+-------------------------------------------
     0 | D:1      | cheesebisquit the Merfolk Ice Elementalist began the quest
                  | for the Orb.
     0 | D:1      | Reached XP level 1. HP: 13/13 MP: 3/3
    18 | D:1      | Found Dajunkea's Assorted Antiques.
    62 | D:1      | Found Jeugh's Weapon Shop.
   212 | D:1      | Found Tacopn's Distillery.
   431 | D:1      | Reached XP level 2. HP: 19/19 MP: 3/5
   504 | D:1      | Found Zeityn's Distillery.
   579 | D:1      | Found Jynog's Book Boutique.
   880 | D:1      | Bought a potion of degeneration for 14 gold pieces
  1269 | D:2      | Reached XP level 3. HP: 15/24 MP: 6/6
  1282 | D:2      | Reached skill level 5 in Ice Magic
  1828 | D:3      | Found Pifug's Book Emporium.
  1833 | D:3      | Learned a level 3 spell: Frozen Ramparts
  1837 | D:3      | Learned a level 3 spell: Ozocubu's Armour
  1963 | D:3      | Slain by a worm

Illustrated notes

Levels and vault maps discovered:
D:1:      minmay_arrival_glassed_features, layout_basic, serial_shops, shop,
          nicolae_diamond_shop, nicolae_shop_behind_doors,
          nicolae_shop_hallway_stairs, shop
D:2:      layout_basic
D:3:      layout_loops_corners, serial_shops, shop

Skill      XL: |  1  2  3 |
---------------+----------+-----
Ice Magic      | 5 |  5.2
Spellcasting   | 3 |  3.0
Dodging        | |  2.6
Stealth        | |  2.1

Action                     || total
---------------------------++-------
  Melee: Unarmed           ||     4
         Hand axe          ||    18
         Spear             ||    54
         Punch             ||     1
   Cast: Freeze            ||    24
   Stab: Sleeping          ||     6
 Armour: Robe              ||    15
  Dodge: Dodged            ||    68

Table legend: (Time is in decaauts)
 A = Elapsed time spent in this place.
 B = Non-inter-level travel time spent in this place.
 C = Inter-level travel time spent in this place.
 D = Time resting spent in this place.
 E = Time spent auto-exploring this place.
 F = Levels seen in this place.
 G = Mean time per level.
                   A        B        C        D        E       F      G
               +--------+--------+--------+--------+--------+-----+--------+
         Total |   1972 |   1912 |     60 |    173 |   1409 |   3 |  657.3 |
       Dungeon |   1972 |   1912 |     60 |    173 |   1409 |   3 |  657.3 |
               +--------+--------+--------+--------+--------+-----+--------+

Top non-repeatable levels by time:
     D:1: 1070 daAuts
     D:2: 627 daAuts
     D:3: 275 daAuts
